 Dungeon Crawl Stone Soup version 0.30-a0-782-ge64f9170bb (webtiles) character file.

Game seed: 11065236045817962046

3173 theswoord the Skirmisher (level 9, 0/55 HPs)
             Began as a Deep Elf Hunter on Feb 23, 2023.
             Was a Believer of Kikubaaqudgha.
             Killed by divine providence
             ... invoked by an orc high priest
              (14 damage)
             ... in a bailey.
             The game lasted 00:08:10 (5846 turns).

theswoord the Skirmisher (Deep Elf Hunter)          Turns: 5846, Time: 00:08:10

Health: 0/55       AC:  6    Str: 18    XL:     9   Next: 63%
Magic:  11/11      EV: 13    Int: 15    God:    Kikubaaqudgha [**....]
Gold:   309        SH:  0    Dex: 24    Spells: 4/8 levels left

rFire   . . .      SeeInvis .    a - +1 shortbow
rCold   . . .      Faith    .    (shield currently unavailable)
rNeg    . . .      Spirit   .    c - +0 leather armour
rPois   .          Reflect  .    l - +0 helmet
rElec   .          Harm     .    (no cloak)
rCorr   .          Rampage  .    (no gloves)
Will    .....                    h - +1 pair of boots
Stlth   ++                       (no amulet)
HPRegen 0.29/turn                f - +6 ring of dexterity
MPRegen 0.12/turn                x - +6 ring of strength

@: no status effects
A: no striking features
a: Renounce Religion, Unearth Wretches


You were in a bailey.
You worshipped Kikubaaqudgha.
Kikubaaqudgha was pleased with you.
You visited 2 branches of the dungeon, and saw 8 of its levels.
You also visited: Bailey.

You collected 309 gold pieces.

Inventory:

Hand Weapons
 a - a +1 shortbow (weapon)
 s - a +0 whip of flaming
 F - the +5 short sword "Fathiudo" {venom, Will- rCorr SInv}
   (You found it on level 6 of the Dungeon)

   SInv:      It lets you see invisible.
   rCorr:     It protects you from acid and corrosion.
   Will:      It decreases your willpower.
Armour
 c - a +0 leather armour (worn)
 h - a +1 pair of boots (worn)
 l - a +0 helmet (worn)
 o - a +0 cloak
Jewellery
 f - a +6 ring of dexterity (left hand)
 j - a ring of magical power
 t - a ring of willpower
 x - a +6 ring of strength (right hand)
 E - a ring of poison resistance
Wands
 n - a wand of mindburst (9)
 u - a wand of quicksilver (7)
Scrolls
 b - a scroll of immolation
 r - a scroll of amnesia
 y - a scroll of blinking
Potions
 e - a potion of invisibility {unknown}
 g - 3 potions of brilliance
 i - 2 potions of lignification
 k - 2 potions of ambrosia {unknown}
 m - a potion of curing
 p - a potion of flight {unknown}
 q - 2 potions of berserk rage {unknown}
 v - a potion of might {unknown}
 z - a potion of cancellation {unknown}
 A - a potion of resistance {unknown}
 C - a potion of magic {unknown}
 D - a potion of mutation {unknown}


   Skills:
 + Level 6.0 Fighting
 + Level 13.1 Ranged Weapons
 - Level 2.4 Dodging
 - Level 1.2 Stealth
 + Level 8.2 Necromancy


You had 4 spell levels left.
You knew the following spells:

 Your Spells              Type           Power      Damage    Failure   Level
a - Animate Dead          Necr           24%        N/A       11%         4

Your spell library contained the following spells:

 Spells                   Type           Power      Damage    Failure   Level
 Necrotise                Necr           96%        1d8       1%          1
 Sublimation of Blood     Necr           24%        N/A       1%          2
 Vampiric Draining        Necr           24%        2d7       3%          3


Dungeon Overview and Level Annotations

Branches:
Dungeon (7/15)             Temple (1/1) D:4          Bailey (1/1)

Altars:
Ashenzari
Dithmenos
Gozag
Hepliaklqana
Kikubaaqudgha
Makhleb
Okawaru
Ru
Sif Muna
Trog
Uskayaw
Vehumet
Xom
Zin

Shops:
D:5 *


Message History

Kikubaaqudgha accepts your kill.
No target in view!
No target in view!
Found a gate leading back out of this place.
No target in view!
No target in view!
An orc high priest comes into view. It is wielding a +0 war axe.
You shoot an arrow.
The arrow hits the orc high priest but does no damage.
The orc high priest shouts!
An electric eel comes into view.
You shoot an arrow.
The arrow hits the orc high priest but does no damage.
The electric eel shoots out a bolt of lightning at you!
The bolt of electricity hits you!
The orc high priest prays to Beogh.
You hear a shout!
Really fire in your hobgoblin zombie's direction?
Okay, then.
Okay, then.
Okay, then.
Okay, then.
You swap places.
An electric eel comes into view.
The electric eel shoots out a bolt of lightning at you!
The bolt of electricity hits you! x2
* * * LOW HITPOINT WARNING * * *
The orc high priest utters an invocation to Beogh.
The ynoxinul gestures.
You swap places.
The ufetubus disappears in a puff of smoke!
The electric eel shoots out a bolt of lightning at you!
The bolt of electricity hits your hobgoblin zombie!
Your hobgoblin zombie is destroyed!
The bolt of electricity hits you!
* * * LOW HITPOINT WARNING * * *
The orc high priest mumbles some strange prayers to Beogh against you.
Beogh smites you!
You die...
Kikubaaqudgha rasps: "You have failed me!
Welcome... death!"

≈≈≈≈≈≈≈≈≈≈≈≈≈≈≈
≈≈≈≈≈≈≈≈≈≈≈≈≈≈≈
≈≈≈≈≈≈≈≈≈≈≈≈≈≈≈
≈≈≈≈≈≈≈≈≈≈≈≈≈≈≈
####~~~~~~~~
#..').......
#+#..##############
#Z...'.....#...))..
#Z@Z.#.....).8.8)8.
#.##############.).
#≈≈S≈≈~.# #...
#≈≈≈≈≈~.# #...
#≈≈≈≈≈~.#. ####
#≈≈≈≈≈§.### #..
#≈S≈≈≈4o# #..
#≈≈≈≈≈~43 #..
#≈≈≈≈≈5.# #..


You could see an orc high priest (ally target), an ice devil (summoned), a chaos
spawn (summoned), an electric eel, a friendly goblin zombie, a friendly
hobgoblin zombie and a friendly orc warrior zombie.

Vanquished Creatures
  Prince Ribbit (D:5)
  An ice beast (D:6)
  3 black bears
  5 orc warriors
  2 ogres (D:5)
  2 phantoms
  A necrophage (D:6)
  3 bullfrogs
  A gnoll sergeant (D:6)
  4 scorpions
  2 water moccasin zombies (D:5)
  A wyvern skeleton (D:5)
  A water moccasin skeleton (D:5)
  4 electric eels (Bailey)
  8 jellies
  2 bullfrog zombies (D:5)
  5 hounds
  2 orc priests
  A scorpion zombie (D:5)
  An orc wizard (D:4)
  4 iguanas
  A hound skeleton (D:5)
  2 howler monkey zombies (D:5)
  3 gnolls (Bailey)
  9 adders
  A howler monkey skeleton (D:5)
  A shadow imp (D:6)
  2 ufetubi (D:6)
  An adder zombie (D:5)
  A worm (D:2)
  2 dart slugs (D:1)
  15 orcs
  2 ball pythons
  3 bats (D:3)
  6 endoplasms
  4 giant cockroaches
  12 goblins
  7 hobgoblins
  2 jackals (D:2)
  7 kobolds
  A quokka (D:2)
  6 frilled lizards
  2 rats
144 creatures vanquished.

Vanquished Creatures (others)
  2 gnoll zombies (Bailey)
  2 goblin zombies (Bailey)
  2 hobgoblin zombies (Bailey)
  3 orc zombies (Bailey)
  3 withered plants (D:5)
12 creatures vanquished.

Grand Total: 156 creatures vanquished

Notes
Turn   | Place    | Note
-------+----------+-------------------------------------------
     0 | D:1      | theswoord the Deep Elf Hunter began the quest for the Orb.
     0 | D:1      | Reached XP level 1. HP: 12/12 MP: 3/3
   492 | D:1      | Reached skill level 6 in Ranged Weapons
   492 | D:1      | Reached XP level 2. HP: 14/16 MP: 4/4
   710 | D:2      | Found a faded altar of an unknown god.
   891 | D:2      | Reached XP level 3. HP: 20/20 MP: 5/5
  1354 | D:2      | Reached skill level 7 in Ranged Weapons
  1749 | D:3      | Reached XP level 4. HP: 19/25 MP: 6/6
  2277 | D:4      | Noticed a scorpion
  2282 | D:4      | Killed a scorpion
  2283 | D:4      | Reached skill level 8 in Ranged Weapons
  2283 | D:4      | Reached XP level 5. HP: 28/29 MP: 7/7
  2513 | D:4      | Reached skill level 9 in Ranged Weapons
  2610 | D:4      | Reached XP level 6. HP: 28/34 MP: 8/8
  2640 | D:4      | Found a staircase to the Ecumenical Temple.
  2652 | Temple   | Entered the Ecumenical Temple
  2676 | Temple   | Became a worshipper of Kikubaaqudgha
  2912 | D:4      | Found a sacrificial altar of Ru.
  2978 | D:5      | Entered Level 5 of the Dungeon
  2981 | D:5      | Reached skill level 1 in Necromancy
  3014 | D:5      | Found Noem's General Store.
  3023 | D:5      | Reached skill level 10 in Ranged Weapons
  3160 | D:5      | Reached XP level 7. HP: 16/40 MP: 9/9
  3304 | D:5      | Noticed Prince Ribbit
  3313 | D:5      | Killed Prince Ribbit
  3327 | D:5      | Reached skill level 11 in Ranged Weapons
  3327 | D:5      | Reached XP level 8. HP: 32/46 MP: 10/10
  3652 | D:5      | Reached skill level 5 in Necromancy
  3873 | D:5      | Reached * piety under Kikubaaqudgha
  3873 | D:5      | Received a gift from Kikubaaqudgha
  3879 | D:5      | Learned a level 4 spell: Animate Dead
  4446 | D:6      | Reached skill level 12 in Ranged Weapons
  4590 | D:6      | Reached skill level 5 in Fighting
  4646 | D:6      | Identified the +5 short sword "Fathiudo" {venom, Will-
                  | rCorr SInv}
  4658 | D:6      | Reached XP level 9. HP: 52/54 MP: 11/11
  4719 | D:6      | Found a shimmering blue altar of Sif Muna.
  5260 | D:7      | Found a hide-covered altar of Uskayaw.
  5260 | D:7      | Found a hazy altar of Hepliaklqana.
  5262 | D:7      | Found a broken altar of Ashenzari.
  5298 | D:7      | Found a flagged portal.
  5301 | D:7      | Reached ** piety under Kikubaaqudgha
  5311 | Bailey   | Entered a bailey
  5508 | Bailey   | HP: 4/82 [orc warrior/+0 war axe (8)]
  5719 | Bailey   | Reached skill level 13 in Ranged Weapons
  5842 | Bailey   | Noticed an orc high priest
  5846 | Bailey   | Noticed an ice devil
  5846 | Bailey   | Killed from afar by an orc high priest

Skill      XL: |  1  2  3  4  5  6  7  8  9 |
---------------+----------------------------+-----
Ranged Weapons | 6 7 8 9 10 11 12 13 | 13.1
Necromancy     | 2 4 6 8 |  8.2
Fighting       | 2 3 5 6 |  6.0
Dodging        | |  2.4
Stealth        | |  1.2

Action                     |  1- 3 |  4- 6 |  7- 9 || total
---------------------------+-------+-------+-------++-------
   Fire: Shortbow          |    81 |   121 |   336 ||   538
   Cast: Animate Dead      |       |       |     2 ||     2
    Use: Scroll            |     5 |     3 |     5 ||    13
         Potion            |       |       |     7 ||     7
 Armour: Leather armour    |     3 |    13 |    49 ||    65
         Skin              |       |       |    30 ||    30
  Dodge: Dodged            |    10 |    39 |   104 ||   153

Levels and vault maps discovered:
D:1:      dpeg_arrival_water_temple_mockup, layout_basic, grunt_decor_fettered,
          grunt_decor_clamped
D:2:      layout_basic, hellmonk_ecumenical_altar_arch_garden
D:3:      layout_basic
D:4:      layout_loops_ring, nicolae_ru_the_path_less_chosen, temple_green
D:5:      layout_basic, serial_undead, serial_undead_d, serial_undead_c,
          serial_undead_f, serial_undead_b, serial_undead_f, serial_undead_c,
          serial_shops, shop, skrybe_limestone_x, kennysheep_windowed_goal,
          uniq_prince_ribbit1
D:6:      minmay_diamond_boxcup, layout_rooms, kennysheep_mini_moat
D:7:      layout_rooms, nicolae_overflow_hidden_temple, elyvilon_altar_4,
          serial_shops, nicolae_shop_behind_doors, enter_bailey_3,
          grunt_decor_cap
Temple:   chequers_temple_sunken
Bailey:   bailey_axe_of_yendor_kennysheep, bailey
